Unix NetHack Version 5.0.0-0 post-release - last build Jun 10 2026 00:39:30 (3ee93aec679c4c4259841fe613dc97188e26a321,branch:main).

Game began 2026-06-25 17:30:05, ended 2026-06-25 17:49:04.

IanCurtis, chaotic male elven Wizard

                                       ---          -----
                                        .            ...
                                       -.-          -...|
                                       |.+          |...|
                                       +.|          |...|
                         |          ----.--------   |...|
                         |.. -+---+--...........-+---...|
                         |..............................|
                         |...........{.--%----    ......|
                         |.............|.@...|       ...|
                         |... ---+-....|.))..|      -...|
                         | --     -|--.|.._@.|      |...|
                                  |  |.|....G|      |...|
                                     |.------|      |...|
                         | -----------.......--------...|
                         |..............................|
                         --------------------------------

IanCurtis the Conjurer    St:12 Dx:11 Co:12 In:17 Wi:13 Ch:10  Chaotic
Dlvl:7  $:2  HP:0(26) Pw:20(29) AC:8  Xp:3 T:988 

Latest messages:
 You drop an elf corpse.
 Your movements are now unencumbered.
 In what direction? h
 You kick a gray stone.
 You see here an elf corpse.
 You see here a gray stone.
 M - a gray stone.
 A trap door opens up under you!
 You fall down a deep shaft!
 You hear a chugging sound.
 You hear someone beseeching Anhur.
 The gnome opens a door.
 You hear a door open.
 The gnomish wizard points at you, then curses.
 Please move the cursor to a monster, object or location.
 (For instructions type a '?')
 The gnome throws a thonged club!
 The thonged club misses the gnomish wizard.
 A thonged club misses you.
 The thonged club returns to the gnome's hand!
 The gnomish wizard points at you, then curses.
 In what direction? j
 The spell hits the gnomish wizard!
 The gnomish wizard resists!
 The spell hits the gnome!
 You kill the gnome!
 The gnomish wizard points all around, then curses.
 You kill the gnomish wizard!
 The priest of Anhur intones:
 "Pilgrim, you enter a sacred place!"
 You experience a sense of peace.
 There is an open door here.
 You see here a gnomish wizard corpse.
 You have trouble lifting a gnomish wizard corpse.  Continue? [ynq] (q) y
 You have trouble lifting N - a gnomish wizard corpse.
 You rebalance your load.  Movement is difficult.
 You don't have enough stamina to move.
 The gnome shoots 2 crossbow bolts!
 The 1st crossbow bolt misses you.
 You are hit by the 2nd crossbow bolt.
 You don't have enough stamina to move.
 What do you want to drop? [$a-hj-pstvwzABF-KMN or ?*] N
 You drop a gnomish wizard corpse.
 Your movements are now unencumbered.
 The gnome shoots 2 crossbow bolts!
 The 1st crossbow bolt hits the priest of Anhur.
 The 2nd crossbow bolt misses the priest of Anhur.
 You are hit by the 2nd crossbow bolt!
 You die...
 Do you want your possessions identified? [ynq] (y) q

Inventory:
 Coins    ('$')
  $ - 2 gold pieces
 Amulets  ('"')
  z - an uncursed amulet of reflection
 Weapons  (')')
  a - a blessed +2 quarterstaff (weapon in hands)
 Armor    ('[')
  A - an uncursed +0 orcish helm (being worn)
  b - an uncursed +0 cloak of magic resistance (being worn)
 Comestibles  ('%')
  B - an uncursed slime mold
  G - an uncursed cram ration
  K - a cursed food ration
  v - an uncursed orange
  t - an uncursed lichen corpse
 Scrolls  ('?')
  k - an uncursed scroll of charging
  H - an uncursed scroll of confuse monster
  F - an uncursed scroll of enchant armor
  j - a blessed scroll of scare monster
 Spellbooks  ('+')
  s - a cursed spellbook of charm monster named cursed
  m - an uncursed spellbook of cure sickness
  l - a blessed spellbook of force bolt
  J - an uncursed spellbook of force bolt
 Potions  ('!')
  f - an uncursed potion of extra healing
  g - an uncursed potion of healing
  w - an uncursed potion of paralysis
  h - an uncursed potion of water
 Rings    ('=')
  d - an uncursed ring of cold resistance
  e - an uncursed ring of fire resistance
 Wands    ('/')
  c - a wand of opening (0:8)
 Tools    ('(')
  I - a bag of tricks (0:11)
  p - an uncursed tooled horn
  o - an uncursed blindfold
  n - a magic marker (0:22)
 Gems/Stones  ('*')
  M - a cursed touchstone

IanCurtis the Wizard's attributes:

Background:
 You were a Conjurer, a level 3 male elven Wizard.
 You were chaotic, on a mission for Anhur
 who was opposed by Ptah (lawful) and Thoth (neutral).
 You were right-handed.
 You were in the Gnomish Mines, on level 7.
 You entered the dungeon 988 turns ago.
 You had 78 experience points, 2 more were needed to attain level 4.

Basics:
 You had 0 out of 26 hit points.
 You had 20 out of 29 energy points (spell power).
 Your armor class was 8.
 Your wallet contained 2 zorkmids.
 Autopickup was off.

Final Characteristics:
 Your strength was 12 (limit:18).
 Your dexterity was 11 (limit:18).
 Your constitution was 12 (limit:16).
 Your intelligence was 17 (limit:20).
 Your wisdom was 13 (limit:20).
 Your charisma was 10 (limit:18).

Final Status:
 You weren't hungry.
 You were unencumbered.
 You were wielding a quarterstaff.
 You had basic skill with quarterstaff.

Final Attributes:
 You were devoutly aligned.
 You were magic-protected.
 You had infravision.
 You were warded.
 You are dead.

Miscellaneous:
 You didn't encounter any bones levels.
 Total elapsed playing time was 18 minutes and 59 seconds.

Major events:
 Turn
    1: IanCurtis the chaotic male elven Wizard entered the dungeon
  877: entered the Gnomish Mines
  895: attained the rank of Conjurer (level 3)
  951: reached Mine Town
  988: killed by a crossbow bolt

Spells:
 Name                 Level Category     Fail Retention
 force bolt             1   attack         0%  91%-100%
 cure sickness          3   healing       94%  76%-100%

Skills:
 Fighting Skills
   bare handed combat [Unskilled]
   riding             [Unskilled]
 Weapon Skills
   dagger             [Unskilled]
   knife              [Unskilled]
   axe                [Unskilled]
   short sword        [Unskilled]
   club               [Unskilled]
   mace               [Unskilled]
   quarterstaff       [Basic]
   polearms           [Unskilled]
   spear              [Unskilled]
   trident            [Unskilled]
   sling              [Unskilled]
   dart               [Unskilled]
   shuriken           [Unskilled]
 Spellcasting Skills
   attack spells      [Basic]
   healing spells     [Unskilled]
   divination spells  [Unskilled]
   enchantment spells [Basic]
   clerical spells    [Unskilled]
   escape spells      [Unskilled]
   matter spells      [Unskilled]

Voluntary challenges:
 Character rerolling was not enabled.
 You never genocided any monsters.
 You never polymorphed an object.
 You never changed form.
 You used no wishes.
Achievements:
 You entered a shop.
 You entered the Gnomish Mines.
 You attained the rank of Conjurer.
 You entered Minetown.
 You entered a temple.

 The Dungeons of Doom: levels 1 to 3
    Level 1:
       An altar, a sink.
    Level 2:
       A tool shop, an altar.
    Level 3:
       Stairs down to The Gnomish Mines.
 The Gnomish Mines: levels 4 to 7
    Level 4:
    Level 7: <- You were here.
       A temple and an altar to Anhur, a fountain.
       Final resting place for
          you, killed by a crossbow bolt.


Vanquished creatures:
  a gnomish wizard
  a kitten
  6 gnomes
  5 jackals
  a fox
  a kobold
  3 goblins
  a grid bug
  2 lichens
  3 newts
24 creatures vanquished.

No species were genocided or became extinct.

Game over:
                       ----------
                      /          \
                     /    REST    \
                    /      IN      \
                   /     PEACE      \
                  /                  \
                  |    IanCurtis     |
                  |       2 Au       |
                  |   killed by a    |
                  |  crossbow bolt   |
                  |                  |
                  |                  |
                  |       2026       |
                 *|     *  *  *      | *
        _________)/\\_//(\/(/\)/\//\/|_)_______

Goodbye IanCurtis the Wizard...

You died in The Gnomish Mines on dungeon level 7 with 614 points,
and 2 pieces of gold, after 988 moves.
You were level 3 with a maximum of 26 hit points when you died.

